 Dungeon Crawl Stone Soup version 0.31-a0-345-g1ebeae05c6 (webtiles) character file.

Game seed: 17687043074894972598

2323 Newt the Carver (level 9, 0/62 HPs)
             Began as a Merfolk Fighter on July 21, 2023.
             Was a Priest of the Shining One.
             Slain by a gnoll
             ... wielding a +0 halberd
             ... led by a gnoll bouda
              (12 damage)
             ... on level 6 of the Dungeon on July 22, 2023.
             The game lasted 00:07:31 (5411 turns).

Newt the Carver (Merfolk Fighter)                   Turns: 5411, Time: 00:07:32

Health: 0/62       AC:  8    Str: 16    XL:     9   Next: 42%
Magic:  10/11      EV:  8    Int: 12    God:    the Shining One [***...]
Gold:   52         SH:  0    Dex: 19    Spells: 8/8 levels left

rFire   . . .        o - +6 long sword of Melee {heavy, rN+ rCorr Int-2}
rCold   . . .        c - +1 buckler
rNeg    + + .        f - +3 leather armour "Miezuymm" {Dex+2}
rPois   .            (no helmet)
rElec   .            (no cloak)
rCorr   +            (no gloves)
SInv    .            (no boots)
Will    +....        (no amulet)
Stlth   +            n - +6 ring of intelligence
HPRegen 0.30/turn    l - ring of willpower
MPRegen 0.12/turn

%: no passive effects
@: held, glowing
A: (nimble swimmer 2), mertail, iridescent scales 1, frail 1, no potion heal 1,
subdued magic 1
a: Renounce Religion, Divine Shield, Cleansing Flame


You were on level 6 of the Dungeon.
You worshipped the Shining One.
The Shining One was most pleased with you.
You visited 1 branch of the dungeon, and saw 6 of its levels.

You collected 273 gold pieces.
You spent 221 gold pieces at shops.

Inventory:

Hand Weapons
 a - a +0 heavy long sword
 o - the +6 long sword of Melee (weapon) {heavy, rN+ rCorr Int-2}
   (You bought it in a shop on level 5 of the Dungeon)

   Int:       It affects your intelligence (-2).
   rN:        It protects you from negative energy.
   rCorr:     It protects you from acid and corrosion.
 B - a +2 short sword of speed
Missiles
 s - 23 poisoned darts
 t - a throwing net
 A - 2 boomerangs
Armour
 b - a +0 scale mail
 c - a +1 buckler (worn)
 f - the +3 leather armour "Miezuymm" (worn) {Dex+2}
   (You found it on level 3 of the Dungeon)

   Dex:       It affects your dexterity (+2).
 q - a +0 leather armour of cold resistance
 x - the +6 ring mail of Hiempet {Harm rF- Int+4}
   (You found it on level 4 of the Dungeon)

   Int:       It affects your intelligence (+4).
   rF:        It makes you vulnerable to fire.
   Harm:      It increases damage dealt and taken.
Jewellery
 l - a ring of willpower (right hand)
 n - a +6 ring of intelligence (left hand)
Wands
 w - a wand of flame (7)
Scrolls
 g - 2 scrolls of enchant armour
 p - 2 scrolls of immolation
 v - a scroll of enchant weapon
 y - 3 scrolls of teleportation
Potions
 d - a potion of might
 e - 2 potions of berserk rage
 h - a potion of cancellation
 i - a potion of degeneration
 j - 3 potions of brilliance
 k - a potion of magic {unknown}
 m - 3 potions of curing
 r - 4 potions of haste
 u - a potion of invisibility
 z - a potion of enlightenment {unknown}


   Skills:
 - Level 6.0 Fighting
 - Level 10.0 Long Blades
 - Level 4.0 Armour
 - Level 8.0 Dodging
 - Level 3.0 Shields
 + Level 2.7 Invocations


You had 8 spell levels left.
You didn't know any spells.
Your spell library contained the following spells:

 Spells                   Type           Power      Damage    Failure   Level
 Ensorcelled Hibernation  Hex/Ice        0%         N/A       56%         2
 Passwall                 Tmut/Erth      0%         N/A       56%         2
 Static Discharge         Conj/Air       0%         2-2/arc   56%         2
 Sublimation of Blood     Necr           0%         N/A       56%         2
 Wereblood                Tmut           0%         N/A       56%         2
 Gell's Gravitas          Tloc           0%         N/A       80%         3
 Swiftness                Air            0%         N/A       80%         3
 Teleport Other           Tloc           0%         N/A       80%         3
 Volatile Blastmotes      Fire/Tloc      0%         2d10      80%         3
 Airstrike                Air            0%         2d(0-16)  99%         4
 Fulminant Prism          Conj/Hex       0%         3d5       99%         4
 Iskenderun's Mystic Bla  Conj/Tloc      0%         2d3       99%         4
 Summon Lightning Spire   Summ/Air       0%         N/A       99%         4
 Dispersal                Tloc           0%         N/A       100%        6
 Summon Hydra             Summ           0%         N/A       100%        7


Dungeon Overview and Level Annotations

Branches:
Dungeon (6/15)             Temple (0/1) D:5

Altars:
Ashenzari
Fedhas
Gozag
Hepliaklqana
Uskayaw
Vehumet
Yredelemnul
The Shining One

Shops:
D:5 ([*


Innate Abilities, Weirdness & Mutations

((You are very nimble when in or above water. (Stealth+, EV+, Speed+++)))
Your lower body shifts to a powerful aquatic tail in water.
You are partially covered in iridescent scales. (AC +2)
You are frail. (-10% HP)
Potions are less effective at restoring your health.
Your spells are a little easier to cast, but a little less powerful.


Message History

Unknown command.
You slash the gnoll!
You kill the gnoll!
The orc priest calls down the wrath of Beogh upon you.
Beogh smites you! The gnoll hits you with a +0 club.
You block the orc's attack. The gnoll barely misses you.
Unknown command.
You are too injured to fight recklessly!
Unknown command.
You are too injured to fight recklessly!
Unknown command.
You slash the gnoll!
You kill the gnoll!
The orc completely misses you.
The gnoll hits you from afar with a +0 halberd.
* * * LOW HITPOINT WARNING * * *
Unknown command.
You slice the orc priest!!
You kill the orc priest!
The Shining One accepts your kill.
You feel better. The orc closely misses you. The gnoll closely misses you.
You block the orc's attack. The gnoll closely misses you.
Unknown command.
You slice the orc!!
You kill the orc!
The gnoll throws a throwing net.
The throwing net hits you.
You become entangled in the net!
Unknown command.
You struggle against the net.
The gnoll closely misses you.
Unknown command.
You struggle against the net.
The gnoll hits you from afar with a +0 halberd.
* * * LOW HITPOINT WARNING * * *
You tear a large gash into the net.
The gnoll hits you from afar with a +0 halberd.
* * * LOW HITPOINT WARNING * * *
Unknown command.
You struggle against the net.
The gnoll hits you from afar with a +0 halberd!
You die...

#......#.##........#.....#.
#.#.####.................+.
#.#.# ####.######.##....#.
#.#.. #.# #.##...... #.# #
#)##.....# ## #.#
.#.#.##.....# ###..
#.#....#.######.#
.....g##......#.# #.#
#.)@....#.#.# #.# #.)#).###
#.# #.# ........# #.# #.#
####.#...# #.# #.# ...#.##
#.# #.. #####.. #.########
### #......... ##########


You could see a gnoll (swift).

Vanquished Creatures
  Grinder (D:5)
  Sigmund (D:5)
  Menkaure (D:4)
  A water moccasin (D:5)
  An ice beast (D:5)
  An ogre (D:5)
  2 centaurs (D:5)
  Blork the orc (D:6)
  3 bullfrogs (D:6)
  2 scorpions
  4 wights (D:6)
  3 hounds
  3 gnoll boudas
  2 orc priests (D:6)
  A jelly (D:4)
  3 sleepcaps
  3 orc wizards
  21 gnolls
  5 adders
  2 ufetubi
  2 worms
  2 dart slugs
  19 orcs
  4 endoplasms
  4 giant cockroaches
  16 goblins
  16 hobgoblins
  9 jackals (D:3)
  7 kobolds
  3 quokkas
  5 ball pythons
  6 bats
  4 frilled lizards
  8 rats
166 creatures vanquished.

Notes
Turn   | Place    | Note
-------+----------+-------------------------------------------
     0 | D:1      | Newt the Merfolk Fighter began the quest for the Orb.
     0 | D:1      | Reached XP level 1. HP: 18/18 MP: 1/1
   137 | D:1      | Reached XP level 2. HP: 25/25 MP: 2/2
   200 | D:1      | Found a faded altar of an unknown god.
   207 | D:1      | Prayed at the altar of an unknown god.
   207 | D:1      | Became a worshipper of the Shining One
   207 | D:1      | Reached * piety under the Shining One
   300 | D:1      | Reached skill level 1 in Dodging
   749 | D:2      | Reached XP level 3. HP: 24/30 MP: 3/3
  1624 | D:3      | Found a hazy altar of Hepliaklqana.
  1626 | D:3      | Found a radiant altar of Vehumet.
  1740 | D:3      | Reached XP level 4. HP: 36/37 MP: 4/4
  1825 | D:3      | Identified the +3 leather armour "Miezuymm" {Dex+2}
  2066 | D:3      | Noticed a +0 dagger
  2067 | D:3      | Noticed a +0 dagger
  2080 | D:3      | Found a hide-covered altar of Uskayaw.
  2184 | D:4      | Noticed a scorpion
  2187 | D:4      | Killed a scorpion
  2188 | D:4      | Reached skill level 5 in Dodging
  2188 | D:4      | Reached skill level 3 in Long Blades
  2188 | D:4      | Reached XP level 5. HP: 42/42 MP: 5/5
  2263 | D:4      | Found an opulent altar of Gozag.
  2302 | D:4      | Reached skill level 4 in Long Blades
  2371 | D:4      | Identified the +6 ring mail of Hiempet {Harm rF- Int+4}
  2524 | D:4      | Reached skill level 5 in Long Blades
  2524 | D:4      | Reached XP level 6. HP: 41/48 MP: 6/6
  2551 | D:4      | Found a blossoming altar of Fedhas.
  2578 | D:4      | Reached ** piety under the Shining One
  2600 | D:4      | Reached skill level 6 in Long Blades
  2637 | D:5      | Entered Level 5 of the Dungeon
  2637 | D:5      | Found Deim's Antique Weapon Shoppe.
  2910 | D:4      | Noticed Menkaure
  2916 | D:4      | Killed Menkaure
  2917 | D:4      | Reached skill level 7 in Long Blades
  2917 | D:4      | Reached XP level 7. HP: 38/54 MP: 7/7
  3533 | D:5      | Gained mutation: You are frail. (-10% HP) [potion of
                  | mutation]
  3533 | D:5      | Gained mutation: You are partially covered in iridescent
                  | scales. (AC +2) [potion of mutation]
  3533 | D:5      | Gained mutation: You occasionally shout uncontrollably at
                  | your foes. [potion of mutation]
  3534 | D:5      | Lost mutation: You are partially covered in iridescent
                  | scales. (AC +2) [potion of mutation]
  3534 | D:5      | Lost mutation: You occasionally shout uncontrollably at
                  | your foes. [potion of mutation]
  3534 | D:5      | Gained mutation: You are strong-willed. (Will+) [potion of
                  | mutation]
  3534 | D:5      | Gained mutation: You are very frail. (-20% HP) [potion of
                  | mutation]
  3535 | D:5      | Lost mutation: You are very frail. (-20% HP) [potion of
                  | mutation]
  3535 | D:5      | Lost mutation: You are strong-willed. (Will+) [potion of
                  | mutation]
  3535 | D:5      | Gained mutation: You are partially covered in iridescent
                  | scales. (AC +2) [potion of mutation]
  3535 | D:5      | Gained mutation: Potions are less effective at restoring
                  | your health. [potion of mutation]
  3535 | D:5      | Gained mutation: Your spells are a little easier to cast,
                  | but a little less powerful. [potion of mutation]
  3577 | D:5      | Found a broken altar of Ashenzari.
  3584 | D:5      | Upgraded the game from 0.31-a0-344-gd109795599 to
                  | 0.31-a0-345-g1ebeae05c6
  3685 | D:5      | Bought a jewelled long sword for 221 gold pieces
  3685 | D:5      | Identified the +6 long sword of Melee {heavy, rN+ rCorr
                  | Int-2} (You bought it in a shop on level 5 of the Dungeon)
  4170 | D:5      | Reached XP level 8. HP: 51/54 MP: 8/8
  4331 | D:5      | Found Murruosinam's Antique Armour Shop.
  4374 | D:5      | Noticed Grinder
  4388 | D:5      | Killed Grinder
  4495 | D:5      | Noticed Sigmund
  4500 | D:5      | Killed Sigmund
  4501 | D:5      | Reached skill level 5 in Fighting
  4609 | D:5      | Found Guajywuf's General Store.
  4623 | D:5      | Found a basalt altar of Yredelemnul.
  4741 | D:5      | Found a staircase to the Ecumenical Temple.
  4870 | D:6      | Reached skill level 8 in Long Blades
  4880 | D:6      | Reached XP level 9. HP: 32/62 MP: 9/9
  5022 | D:6      | Reached skill level 9 in Long Blades
  5180 | D:6      | Noticed Blork the orc
  5185 | D:6      | Killed Blork the orc
  5222 | D:6      | Reached *** piety under the Shining One
  5250 | D:6      | Reached skill level 10 in Long Blades
  5258 | D:6      | Reached skill level 1 in Invocations
  5411 | D:6      | Slain by a gnoll

Illustrated notes

Levels and vault maps discovered:
D:1:      wander_arrival_lonely_grave, layout_loops_cross,
          shapermc_ecumenical_altar_mp_urbaneastern
D:2:      layout_basic
D:3:      minmay_general_purpose_star, layout_rooms, dancing_weapons_uskayaw,
          nicolae_overflow_hidden_temple
D:4:      corexii_shantytown, layout_rooms, fedhas_altar_3, grunt_gozag_statues,
          roderic_roman_lattice, uniq_menkaure
D:5:      layout_gridville, ashenzari_altar_1,
          mainiacjoe_overflow_six_doors_small,
          minmay_temple_entry_enclosed_plants, serial_shops, shop,
          nicolae_stop_n_shop_1, nicolae_shop_hallway_stairs, uniq_sigmund,
          uniq_grinder
D:6:      layout_basic, uniq_blork_the_orc

Skill      XL: |  1  2  3  4  5  6  7  8  9 |
---------------+----------------------------+-----
Fighting       | 4 6 |  6.0
Dodging        | 2 3 5 6 8 |  8.0
Long Blades    | 3 5 7 8 10 | 10.0
Armour         | 4 |  4.0
Invocations    | 2 |  2.7
Shields        | |  3.0

Action                     |  1- 3 |  4- 6 |  7- 9 || total
---------------------------+-------+-------+-------++-------
  Melee: Long sword        |    82 |    66 |   170 ||   318
    Use: Scroll            |     8 |       |     6 ||    14
         Potion            |       |       |     4 ||     4
 Armour: Scale mail        |    39 |     3 |       ||    42
         Leather armour    |       |    15 |    55 ||    70
  Dodge: Dodged            |    37 |    62 |   196 ||   295
  Block: Buckler           |    17 |    31 |    82 ||   130

Table legend: (Time is in decaauts)
 A = Elapsed time spent in this place.
 B = Non-inter-level travel time spent in this place.
 C = Inter-level travel time spent in this place.
 D = Time resting spent in this place.
 E = Time spent auto-exploring this place.
 F = Levels seen in this place.
 G = Mean time per level.
                   A        B        C        D        E       F      G
               +--------+--------+--------+--------+--------+-----+--------+
         Total |   5574 |   5392 |    182 |    615 |   3760 |   6 |  929.0 |
       Dungeon |   5574 |   5392 |    182 |    615 |   3760 |   6 |  929.0 |
               +--------+--------+--------+--------+--------+-----+--------+

Top non-repeatable levels by time:
     D:5: 1514 daAuts
     D:4: 1214 daAuts
     D:2: 834 daAuts
     D:1: 745 daAuts
     D:3: 656 daAuts
     D:6: 610 daAuts
